 Dungeon Crawl Stone Soup version 0.18.1-48-g4cf74bf (webtiles) character file.

227000 nikopol the Severer (level 18, 0/166 HPs)
             Began as a Minotaur Berserker on Aug 22, 2016.
             Was the Champion of Trog.
             Slain by Wiglaf
             ... wielding a +0 broad axe
              (31 damage)
             ... on level 1 of the Vaults.
             The game lasted 02:33:49 (40935 turns).

nikopol the Severer (Minotaur Berserker)           Turns: 40935, Time: 02:33:50

Health: 0/166      AC: 23    Str: 24    XL:     18   Next: 66%
Magic:  17/17      EV: 19    Int:  4    God:    Trog [******]
Gold:   1498       SH:  0    Dex: 19    Spells: 0 memorised, 17 levels left

rFire  + + .     SeeInvis +     a - +8 battleaxe "Ovuseakk" {drain, -Tele +Fly rC+ Dex+3}
rCold  + . .     Gourm    .     d - +1 chain mail "Bamerosa" {rF+ Slay+2}
rNeg   . . .     Faith    .     (shield currently unavailable)
rPois  .         Spirit   .     (helmet restricted)
rElec  .         Dismiss  .     t - +2 cloak {+Inv}
rCorr  .         Reflect  .     Y - +2 pair of gloves {rF+}
SustAt +         Harm     .     J - +0 pair of boots
MR     +....     NoTele   +     M - amulet of regeneration
Stlth  ..........               E - ring of sustain attributes
                                y - ring of see invisible

@: lethally poisoned (0 -> -2), slowed, drained, very slow, somewhat resistant
to hostile enchantments, extremely unstealthy
A: retaliatory headbutt, horns 2, talons 1
a: Berserk, Trog's Hand, Brothers in Arms, Burn Spellbooks, Renounce Religion,
Evoke Invisibility, Evoke Flight
}: 1/15 runes: barnacled


You were on level 1 of the Vaults.
You worshipped Trog.
Trog was exalted by your worship.
You were hungry.

You visited 6 branches of the dungeon, and saw 33 of its levels.
You visited 1 bazaar.
You also visited: Sewer, Ossuary and Volcano.

You collected 3592 gold pieces.
You spent 2094 gold pieces at shops.

Inventory:

Hand Weapons
 a - the +8 battleaxe "Ovuseakk" (weapon) {drain, -Tele +Fly rC+ Dex+3}
   (Trog gifted it to you on level 2 of the Lair of Beasts)

   A truly terrible weapon, it drains the life of those it strikes.
   It affects your dexterity (+3).
   It protects you from cold.
   It lets you fly.
   It prevents most forms of teleportation.
 z - the +7 longbow of Nuny {speed, rN+ MR+ Int+4 Stlth+}
   (Trog gifted it to you on level 9 of the Dungeon)

   Attacks with this weapon are significantly faster.
   It affects your intelligence (+4).
   It protects you from negative energy.
   It affects your resistance to hostile enchantments.
   It makes you more stealthy.
 T - a +7 executioner's axe of draining
 W - a +8 antimagic battleaxe
Missiles
 g - 743 arrows (quivered)
Armour
 d - the +1 chain mail "Bamerosa" (worn) {rF+ Slay+2}
   (You found it on level 4 of the Dungeon)

   It affects your accuracy and damage with ranged weapons and melee attacks
   (+2).
   It protects you from fire.
 q - a +2 plate armour of cold resistance
 t - a +2 cloak of invisibility (worn)
 J - a +0 pair of boots (worn)
 Y - a +2 pair of gloves of fire resistance (worn)
Jewellery
 f - an uncursed amulet of dismissal
 y - a ring of see invisible (left hand)
 D - an uncursed ring of protection from cold
 E - a ring of sustain attributes (right hand)
 H - an uncursed ring of flight
 L - an uncursed amulet of harm {unknown}
 M - an amulet of regeneration (around neck)
 O - an uncursed ring of resist corrosion
 X - a +4 ring of evasion
Wands
 G - a wand of disintegration (13/24)
 P - a wand of digging (14/24)
Scrolls
 b - 7 scrolls of fear
 p - 11 scrolls of teleportation
 s - 12 scrolls of remove curse
 v - 7 scrolls of recharging
 w - 16 scrolls of identify
 F - 4 scrolls of magic mapping
 N - a scroll of silence
 Q - 3 scrolls of fog
 R - 2 scrolls of summoning
 U - a scroll of blinking
Potions
 e - 14 potions of curing
 i - 5 potions of brilliance
 l - 7 potions of might
 m - 2 potions of berserk rage
 o - 6 potions of heal wounds
 r - a potion of ambrosia
 u - 13 potions of haste
 x - 2 potions of cure mutation
 A - 3 potions of agility
 B - a potion of invisibility
 C - 6 potions of flight
 I - 4 potions of magic
 S - a potion of cancellation
 Z - a potion of resistance
Comestibles
 c - 13 bread rations
 h - 13 meat rations
 j - 3 chunks of flesh
 k - 39 fruits
 n - 11 beef jerkies
 K - 8 slices of pizza


   Skills:
 + Level 16.0(15.8) Fighting
 * Level 20.5(20.4) Axes
 * Level 17.9(17.8) Bows
 + Level 16.1(15.9) Armour
 + Level 15.1(14.9) Dodging


You had 17 spell levels left.
You didn't know any spells.

Dungeon Overview and Level Annotations

Branches:
Dungeon (15/15)            Temple (0/1) D:6            Lair (8/8) D:8
 Shoals (4/4) Lair:3        Snake (0/4) Lair:6        Slime (0/6) Lair:8
    Orc (2/2) D:9             Elf (3/3) Orc:2        Vaults (1/5) D:14
 Depths (0/5) D:15

Altars:
Cheibriados
Dithmenos
Fedhas
Gozag
Makhleb
Pakellas
Sif Muna
Trog
Vehumet
Xom
Yredelemnul
The Shining One

Shops:
D:4 }   D:15 *   Orc:2 (?*?   Elf:2 :*!*!   Shoals:4 (

Annotations:
Elf:2 3 runed doors
Vaults:1 Wiglaf


Innate Abilities, Weirdness & Mutations

You reflexively headbutt those who attack you in melee.
You have a pair of horns on your head.
You have sharp toenails.


Message History

Your headbutt misses the boulder beetle.
You feel sick. The boulder beetle smashes into you!
* * * LOW HITPOINT WARNING * * *
The boulder beetle stops rolling.
You hit the boulder beetle but do no damage.
You headbutt the boulder beetle, but do no damage.
You feel sick. The boulder beetle barely misses you. You furiously retaliate!
You headbutt the boulder beetle, but do no damage.
You hit the boulder beetle. You drain the boulder beetle!
Your headbutt misses the boulder beetle.
The boulder beetle is lightly wounded.
You feel sick.
Wiglaf prays in loud words.
Wiglaf seems to speed up.
The deep elf mage casts a spell.
The deep elf mage blinks!
Your stone giant goes berserk!
You feel somewhat more hungry.
You feel sick.
You feel sick. Wiglaf hits you with a broad axe!!
You die...

#............#....
#............#....
#............#....
#............#....
##############.... #....
####### #.... ##.....##
#.... ##.@..)..## ##....
#(g#####..## #.....
#.C..B).##..## #.....
#......(..##..###.....
#..(...###ยง.##..##.....
#..#(..## .(##..#....#
#..#..## #..'....# #.
#.. #..'....# # #..
#..#....'


You could see Wiglaf and a friendly stone giant (berserk).

Vanquished Creatures
  Jorgrun (Vaults:1)
  A lich (Vaults:1)
  2 deep elf blademasters (Elf:3)
  3 krakens
  Kirke (D:13)
  Ilsuiw (Shoals:4)
  A deep elf sorcerer (Elf:1)
  Louise (Elf:3)
  Donald (Orc:2)
  A vault warden (Vaults:1)
  Aizul (Shoals:1)
  An ironheart preserver (Vaults:1)
  5 deep elf demonologists
  2 deep elf annihilators
  The ghost of UnlimitedFusion the Blocker, a journeyman FoFi of Okawaru (D:11)
  2 deep elf death magi (Elf:3)
  8 merfolk javelineers
  Josephine (Lair:5)
  3 fire dragons
  A deep elf high priest (Elf:3)
  2 merfolk impalers
  3 yaktaur captains (Vaults:1)
  7 ogre magi
  2 ice dragons
  A centaur warrior (D:11)
  7 hydras
  4 alligator snapping turtles
  4 merfolk avatars
  A death knight (Vaults:1)
  12 dancing weapons
  11 merfolk aquamancers
  2 satyrs (Shoals:3)
  2 tengu warriors
  Sonja (Lair:2)
  7 death yaks
  12 deep elf knights
  2 unseen horrors (D:15)
  A wizard (D:14)
  12 sea snakes
  16 deep elf archers
  Pikel (D:7)
  11 harpies
  5 ironbrand convokers (Vaults:1)
  4 orc knights
  2 lindwurms (Lair:8)
  5 hill giants
  5 griffons
  An orb spider (shapeshifter) (D:14)
  An orc sorcerer (Orc:2)
  A hornet (Vaults:1)
  5 cyclopes
  45 deep elf magi
  3 ugly things
  10 manticores
  9 sirens
  11 fauns
  3 vault sentinels (Vaults:1)
  8 elephants
  Maurice (Orc:2)
  An elephant (shapeshifter) (Vaults:1)
  6 black mambas
  8 torpor snails
  8 water nymphs
  A naga mage (Lair:6)
  17 spiny frogs
  A gargoyle (D:14)
  A komodo dragon (shapeshifter) (D:15)
  8 komodo dragons
  A freezing wraith (Vaults:1)
  8 yaktaurs (Vaults:1)
  4 rime drakes
  A tengu conjurer (D:15)
  A queen bee (D:8)
  12 trolls
  35 merfolk
  A polar bear (Lair:3)
  3 wind drakes
  25 blink frogs
  Grinder (D:4)
  5 giant leeches (Lair:8)
  19 two-headed ogres
  15 slime creatures
  Prince Ribbit (D:7)
  8 snapping turtles
  A stone giant simulacrum (Vaults:1)
  5 shadows
  6 wraiths
  5 air elementals
  A vampire (D:12)
  A human (D:10)
  A tarantella (shapeshifter) (Elf:1)
  5 hogs
  8 water elementals
  A wyvern (D:12)
  38 yaks
  A yak (shapeshifter) (Elf:1)
  4 basilisks
  2 fire elementals (Elf:1)
  A hog (shapeshifter) (D:15)
  7 fire bats (Volcano)
  16 hippogriffs
  2 hungry ghosts
  2 steam dragons
  Menkaure (D:4)
  5 mottled dragons
  3 wargs
  A soldier ant (D:15)
  20 water moccasins
  Duvessa (D:4)
  13 porcupines
  17 orc warriors
  6 sky beasts
  A black bear (D:9)
  An eye of draining (D:15)
  The ghost of nikopol the Chopper, an amateur MiBe of Trog (D:3)
  A phantom (D:14)
  4 ice beasts
  2 necrophages
  A slave (D:7)
  4 wasps
  36 wolves
  4 boggarts (D:15)
  37 ogres
  13 centaurs
  18 crocodiles
  Blork the orc (D:6)
  6 big kobolds
  17 giant frogs
  5 earth elementals
  4 scorpions
  Dowan (D:4)
  33 killer bees
  11 wights
  7 howler monkeys
  A centaur zombie (D:8)
  4 crimson imps
  A giant frog zombie (D:11)
  A quasit (D:12)
  6 hounds
  4 centaur skeletons
  13 orc priests
  A giant frog skeleton (D:6)
  15 jellies
  Natasha (twice) (D:3)
  9 iguanas
  19 orc wizards
  8 worker ants
  2 hell rats (Lair:2)
  A killer bee zombie (D:7)
  31 sheep
  A hound zombie (D:8)
  A hound skeleton (D:4)
  4 mummies (Ossuary)
  A howler monkey zombie (D:5)
  A worker ant zombie (D:8)
  20 gnolls
  95 river rats
  18 adders
  2 oozes
  An adder zombie (D:8)
  2 adder skeletons
  17 worms
  2 dart slugs (D:1)
  8 giant geckos
  63 orcs
  4 bats
  6 giant cockroaches
  51 goblins
  33 hobgoblins
  17 jackals
  2 quokkas
  5 ball pythons
  A giant gecko skeleton (D:7)
  11 giant newts
  6 gnoll skeletons (Ossuary)
  5 gnoll zombies (Ossuary)
  4 goblin skeletons (Ossuary)
  2 goblin zombies (Ossuary)
  A hobgoblin skeleton (Ossuary)
  A hobgoblin zombie (Ossuary)
  27 kobolds
  3 kobold skeletons (Ossuary)
  A kobold zombie (Ossuary)
  An orc zombie (Ossuary)
  8 rats
  A rat skeleton (Ossuary)
  5 rat zombies (Ossuary)
  12 fungi
  14 plants
  9 tentacles
1435 creatures vanquished.

Vanquished Creatures (collateral kills)
  A merfolk impaler (Shoals:4)
  A manticore (Shoals:4)
  2 merfolk (Shoals:4)
  A water elemental (Shoals:4)
  An orc warrior (Orc:2)
  An orc priest (Orc:2)
  An orc wizard (Orc:2)
  3 worms (Lair:8)
11 creatures vanquished.

Vanquished Creatures (others)
  A merfolk aquamancer (Shoals:4)
  A deep elf archer (Elf:2)
  A deep elf mage (Elf:2)
  3 slaves (D:7)
  An ogre (Vaults:1)
  A gnoll zombie (Ossuary)
  A gnoll skeleton (Ossuary)
  A goblin skeleton (Ossuary)
  2 goblin zombies (Ossuary)
  3 hobgoblin skeletons (Ossuary)
  2 hobgoblin zombies (Ossuary)
  A kobold skeleton (Ossuary)
  2 kobold zombies (Ossuary)
  2 orc skeletons (Ossuary)
  2 orc zombies (Ossuary)
  2 rat skeletons (Ossuary)
  A rat zombie (Ossuary)
  10 fungi
  17 plants
  8 tentacles (Shoals:3)
  391 tentacle segments
453 creatures vanquished.

Grand Total: 1899 creatures vanquished

Notes
Turn   | Place    | Note
--------------------------------------------------------------
     0 | D:1      | nikopol the Minotaur Berserker began the quest for the Orb.
     0 | D:1      | Reached XP level 1. HP: 19/19 MP: 0/0
   184 | D:1      | Reached XP level 2. HP: 19/27 MP: 1/1
   553 | D:1      | Reached ** piety under Trog
  1037 | D:2      | Reached skill level 4 in Axes
  1037 | D:2      | Reached XP level 3. HP: 28/33 MP: 2/2
  1653 | D:3      | Noticed nikopol's ghost (amateur MiBe)
  1659 | D:3      | Killed nikopol's ghost
  1659 | D:3      | Reached XP level 4. HP: 41/41 MP: 3/3
  1659 | D:3      | Reached XP level 5. HP: 47/47 MP: 4/4
  1670 | D:3      | Found a shadowy altar of Dithmenos.
  1670 | D:3      | Found an oddly glowing altar of Pakellas.
  1672 | D:3      | Found a snail-covered altar of Cheibriados.
  1672 | D:3      | Found a shimmering altar of Xom.
  1675 | D:3      | Found a glowing drain.
  1714 | Sewer    | Entered a sewer
  1883 | Sewer    | Reached *** piety under Trog
  2627 | D:3      | Found an opulent altar of Gozag.
  3207 | D:3      | Reached XP level 6. HP: 55/55 MP: 5/5
  3211 | D:3      | Reached skill level 5 in Fighting
  3211 | D:3      | Reached skill level 5 in Axes
  3639 | D:3      | Reached **** piety under Trog
  3714 | D:3      | Reached skill level 5 in Armour
  3722 | D:3      | Reached XP level 7. HP: 61/61 MP: 6/6
  3782 | D:3      | Reached skill level 5 in Dodging
  3902 | D:3      | Noticed Natasha
  3914 | D:3      | Killed Natasha
  3914 | D:3      | Reached skill level 6 in Axes
  3929 | D:3      | Reached ***** piety under Trog
  4273 | D:3      | Noticed Natasha
  4281 | D:3      | Killed Natasha
  4823 | D:4      | Found a sand-covered staircase.
  4832 | Ossuary  | Entered an ossuary
  5127 | Ossuary  | Reached XP level 8. HP: 58/71 MP: 7/7
  5229 | D:4      | Got a bloodstained chain mail
  5240 | D:4      | Identified the +1 chain mail "Bamerosa" {rF+ Slay+2} (You found it on level 4 of the Dungeon)
  5724 | D:4      | Found Siciceg's Gadget Emporium.
  5840 | D:4      | Noticed Menkaure
  5860 | D:4      | Killed Menkaure
  5942 | D:4      | Noticed Duvessa
  5942 | D:4      | Noticed Dowan
  5949 | D:4      | Killed Dowan
  5949 | D:4      | Reached skill level 7 in Axes
  5951 | D:4      | Killed Duvessa
  6018 | D:4      | Noticed Grinder
  6020 | D:4      | Paralysed by Grinder for 6 turns
  6036 | D:4      | Killed Grinder
  6207 | D:5      | Entered Level 5 of the Dungeon
  6308 | D:5      | Received a gift from Trog
  6389 | D:5      | Found a blossoming altar of Fedhas.
  7043 | D:5      | Reached XP level 9. HP: 80/80 MP: 8/8
  7237 | D:6      | Noticed Blork the orc
  7247 | D:6      | Killed Blork the orc
  7247 | D:6      | Reached skill level 1 in Bows
  7313 | D:6      | Found a staircase to the Ecumenical Temple.
  7439 | D:6      | Reached skill level 8 in Axes
  8291 | D:7      | Found a burning altar of Makhleb.
  8337 | D:7      | Found a snail-covered altar of Cheibriados.
  8351 | D:7      | Noticed Prince Ribbit
  8394 | D:7      | Noticed Pikel
  8394 | D:7      | Paralysed by Pikel for 7 turns
  8411 | D:7      | Paralysed by Pikel for 6 turns
  8419 | D:7      | Paralysed by Pikel for 2 turns
  8426 | D:7      | Killed Pikel
  8426 | D:7      | Reached skill level 9 in Axes
  8457 | D:7      | Killed Prince Ribbit
  9178 | D:8      | Reached XP level 10. HP: 89/90 MP: 9/9
  9378 | D:8      | Found a staircase to the Lair.
  9961 | D:8      | Reached skill level 10 in Axes
  9961 | D:8      | Reached skill level 5 in Bows
  9964 | D:8      | Received a gift from Trog
 10255 | Lair:1   | Entered Level 1 of the Lair of Beasts
 10302 | Lair:1   | Noticed a spiny frog
 10311 | Lair:1   | Killed a spiny frog
 10683 | Lair:1   | Noticed a black mamba
 10683 | Lair:1   | Reached skill level 11 in Axes
 10684 | Lair:1   | Noticed an eight-headed hydra
 11021 | Lair:1   | Killed a black mamba
 11263 | Lair:1   | Noticed a spiny frog
 11264 | Lair:1   | Killed a 13-headed hydra
 11264 | Lair:1   | Reached XP level 11. HP: 84/99 MP: 10/10
 11419 | Lair:1   | Received a gift from Trog
 12342 | Lair:1   | Reached skill level 10 in Fighting
 12437 | Lair:2   | Noticed Sonja
 12442 | Lair:2   | Killed Sonja
 12946 | Lair:2   | Reached skill level 12 in Axes
 13060 | Lair:2   | Received a gift from Trog
 13068 | Lair:2   | Got a shimmering battleaxe {god gift}
 13069 | Lair:2   | Identified the +8 battleaxe "Ovuseakk" {drain, -Tele +Fly rC+ Dex+3} (Trog gifted it to you on level 2 of the Lair of Beasts)
 13982 | Lair:3   | Reached skill level 10 in Armour
 14649 | Lair:3   | Found a staircase to the Shoals.
 14735 | Lair:3   | Reached XP level 12. HP: 107/107 MP: 11/11
 15262 | Lair:4   | Received a gift from Trog
 15350 | Lair:4   | Reached skill level 13 in Axes
 15355 | Lair:4   | Reached skill level 10 in Bows
 15405 | Lair:4   | Reached ****** piety under Trog
 15405 | Lair:4   | Reached skill level 10 in Dodging
 16220 | Lair:4   | Received a gift from Trog
 17020 | Lair:5   | Noticed Josephine
 17036 | Lair:5   | Killed Josephine
 17753 | Lair:6   | Noticed a four-headed hydra
 17763 | Lair:6   | Killed a four-headed hydra
 17763 | Lair:6   | Received a gift from Trog
 17763 | Lair:6   | Reached skill level 14 in Axes
 17766 | Lair:6   | Reached XP level 13. HP: 116/116 MP: 12/12
 17813 | Lair:6   | Found a staircase to the Snake Pit.
 19066 | Lair:7   | Found a snail-covered altar of Cheibriados.
 19424 | Lair:7   | Reached skill level 15 in Axes
 20104 | Lair:8   | Entered Level 8 of the Lair of Beasts
 20117 | Lair:8   | Received a gift from Trog
 20129 | Lair:8   | Found a staircase to the Slime Pits.
 20205 | Lair:8   | Found a dark tunnel.
 20212 | Volcano  | Entered a volcano
 20268 | Volcano  | Noticed a fire dragon
 20285 | Volcano  | Killed a fire dragon
 20358 | Volcano  | Received a gift from Trog
 21057 | Lair:8   | Reached XP level 14. HP: 126/126 MP: 13/13
 21288 | Lair:8   | Found a bloodstained altar of Trog.
 21436 | Lair:8   | Found a runed door.
 21689 | Lair:8   | Received a gift from Trog
 22644 | D:9      | Received a gift from Trog
 22667 | D:9      | Got a shimmering longbow {god gift}
 22668 | D:9      | Identified the +7 longbow of Nuny {speed, rN+ MR+ Int+4 Stlth+} (Trog gifted it to you on level 9 of the Dungeon)
 22786 | D:9      | Found a staircase to the Orcish Mines.
 22961 | D:9      | Found a basalt altar of Yredelemnul.
 23192 | Orc:1    | Entered Level 1 of the Orcish Mines
 23265 | Orc:2    | Entered Level 2 of the Orcish Mines
 23265 | Orc:2    | Found a staircase to the Elven Halls.
 23313 | Orc:2    | Noticed Maurice
 23318 | Orc:2    | Killed Maurice
 23343 | Orc:2    | Paralysed by an ogre mage for 4 turns
 23581 | Orc:2    | Noticed Donald
 23592 | Orc:2    | Killed Donald
 23592 | Orc:2    | Received a gift from Trog
 23592 | Orc:2    | Reached skill level 16 in Axes
 23835 | Orc:2    | Found Pitydum's Antique Weapon Emporium.
 23839 | Orc:2    | Found Ijisoytu's Magic Scroll Shop.
 23839 | Orc:2    | Found Witzid's Magic Scroll Shoppe.
 23839 | Orc:2    | Found Xuacs's Assorted Antiques.
 24504 | Orc:2    | Bought a scroll of acquirement for 728 gold pieces
 24639 | Orc:1    | Received a gift from Trog
 24863 | D:10     | Entered Level 10 of the Dungeon
 24878 | D:10     | Received a gift from Trog
 24926 | D:10     | Got a warped lapis lazuli ring
 24933 | D:10     | Identified the ring "Zoyfo" {Fire Int+2} (You found it on level 10 of the Dungeon)
 26144 | D:11     | Noticed UnlimitedFusion's ghost (journeyman FoFi)
 26166 | D:11     | Killed UnlimitedFusion's ghost
 26166 | D:11     | Reached XP level 15. HP: 135/135 MP: 14/14
 26788 | D:12     | Received a gift from Trog
 27505 | D:13     | Received a gift from Trog
 27799 | D:13     | Found a glowing golden altar of the Shining One.
 27835 | D:13     | Noticed Kirke
 27851 | D:13     | Killed Kirke
 27851 | D:13     | Reached skill level 17 in Axes
 28556 | D:14     | Received a gift from Trog
 28734 | D:14     | Found a gate to the Vaults.
 28948 | D:14     | You fall through a shaft!
 28948 | D:15     | Entered Level 15 of the Dungeon
 29080 | D:15     | Received a gift from Trog
 29205 | D:15     | Found Suusaem's General Store.
 29307 | D:15     | Found a staircase to the Depths.
 29855 | Elf:1    | Entered Level 1 of the Elven Halls
 29956 | Elf:1    | Found a radiant altar of Vehumet.
 30378 | Elf:1    | Received a gift from Trog
 30740 | Elf:1    | Found a deep blue altar of Sif Muna.
 30788 | Elf:1    | Reached XP level 16. HP: 145/145 MP: 15/15
 30877 | Elf:1    | Received a gift from Trog
 30885 | Elf:1    | Reached skill level 15 in Bows
 31131 | Elf:1    | Reached skill level 18 in Axes
 31387 | Elf:1    | Found a gateway to a bazaar.
 31399 | Bazaar   | Entered a bazaar
 31399 | Bazaar   | Found Calimnio's General Store.
 31399 | Bazaar   | Found Arasevepni's General Store.
 31425 | Bazaar   | Found Cutaeluso's General Store.
 31425 | Bazaar   | Found Rewemoown's General Store.
 31447 | Bazaar   | Found Aly Tuy's General Store.
 31447 | Bazaar   | Found Mioderr's General Store.
 31469 | Bazaar   | Found Jegiywar's General Store.
 31469 | Bazaar   | Found Byogomer's General Store.
 31498 | Bazaar   | Bought a scroll of acquirement for 676 gold pieces
 31586 | Elf:2    | Found Yxuhu's General Store.
 31586 | Elf:2    | Found Veradug's Book Emporium.
 31736 | Elf:2    | Found Decsoad's Distillery.
 31743 | Elf:2    | Bought a potion of beneficial mutation for 455 gold pieces
 31744 | Elf:2    | Gained mutation: You have sharp toenails. [potion of beneficial mutation]
 31753 | Elf:2    | Bought a potion of heal wounds for 65 gold pieces
 31765 | Elf:2    | Found Ifutaquo's General Store.
 31883 | Elf:2    | Found a runed gate.
 31883 | Elf:2    | Found a runed gate.
 31883 | Elf:2    | Found a runed gate.
 31916 | Elf:2    | Found Sacetta's Distillery.
 31930 | Elf:2    | Bought a potion of heal wounds for 85 gold pieces
 31930 | Elf:2    | Bought a potion of heal wounds for 85 gold pieces
 32470 | Elf:2    | Received a gift from Trog
 32640 | Elf:3    | Entered Level 3 of the Elven Halls
 32758 | Elf:3    | Noticed an Executioner
 32871 | Elf:3    | Noticed a deep elf blademaster
 32881 | Elf:3    | Killed a deep elf blademaster
 33153 | Elf:3    | Noticed a deep elf master archer
 33233 | Elf:3    | Noticed Louise
 33246 | Elf:3    | Killed Louise
 33339 | Elf:3    | Noticed a deep elf blademaster
 33359 | Elf:3    | Killed a deep elf blademaster
 33369 | Elf:3    | Noticed an Executioner
 33378 | Elf:3    | HP: 7/147 [Executioner[a deep elf demonologist] (6)]
 33387 | Elf:3    | HP: 1/147 [Executioner[a deep elf demonologist] (10)]
 33787 | Shoals:1 | Entered Level 1 of the Shoals
 33803 | Shoals:1 | Reached XP level 17. HP: 125/154 MP: 5/16
 33807 | Shoals:1 | Received a gift from Trog
 34150 | Shoals:1 | Noticed Aizul
 34168 | Shoals:1 | Killed Aizul
 34910 | Shoals:2 | Received a gift from Trog
 34924 | Shoals:2 | Reached skill level 19 in Axes
 35674 | Shoals:3 | Noticed a kraken
 35688 | Shoals:3 | Killed a kraken
 35797 | Shoals:3 | Reached skill level 15 in Fighting
 35797 | Shoals:3 | Reached skill level 15 in Armour
 36089 | Shoals:3 | Received a gift from Trog
 36170 | Shoals:3 | Noticed a kraken
 36201 | Shoals:3 | Killed a kraken
 37029 | Shoals:4 | Entered Level 4 of the Shoals
 37053 | Shoals:4 | Noticed Ilsuiw
 37091 | Shoals:4 | HP: 7/156 [Ilsuiw/trident of freezing (7)]
 37374 | Shoals:4 | Noticed a kraken
 37386 | Shoals:4 | Killed a kraken
 37428 | Shoals:4 | Found Tiechaxaho's Weapon Shoppe.
 37473 | Shoals:4 | Got a pitted war axe
 37474 | Shoals:4 | Identified the +7 war axe of Mourning {drain, rF- rC++ Dex+6} (You found it on level 4 of the Shoals)
 37709 | Shoals:4 | Killed Ilsuiw
 37709 | Shoals:4 | Received a gift from Trog
 38322 | Shoals:4 | Reached XP level 18. HP: 133/163 MP: 17/17
 38459 | Shoals:4 | Reached skill level 20 in Axes
 38616 | Shoals:4 | Got a barnacled rune of Zot
 39284 | Vaults:1 | Entered Level 1 of the Vaults
 39446 | Vaults:1 | Received a gift from Trog
 39908 | Vaults:1 | Noticed Jorgrun
 40148 | Vaults:1 | Killed Jorgrun
 40148 | Vaults:1 | Reached skill level 15 in Dodging
 40575 | Vaults:1 | Received a gift from Trog
 40913 | Vaults:1 | Noticed a lich
 40927 | Vaults:1 | Noticed Wiglaf
 40930 | Vaults:1 | Killed a lich
 40935 | Vaults:1 | Slain by Wiglaf

Skill      XL: |  1  2  3  4  5  6  7  8  9 10 11 12 13 14 15 16 17 18 |
---------------+-------------------------------------------------------+-----
Fighting       | 4 5 6 7 8 9 10 11 12 13 14 15 16 | 16.0
Armour         | 3 4 5 6 7 8 9 10 11 12 13 14 15 16 | 16.1
Axes           | 4 5 6 7 9 11 12 14 15 16 17 18 19 20 | 20.5
Dodging        | 3 4 5 7 8 9 10 11 12 13 14 15 | 15.1
Bows           | 4 7 9 11 12 13 14 16 17 | 17.9

Action                   |  1- 3 |  4- 6 |  7- 9 | 10-12 | 13-15 | 16-18 || total
-------------------------+-------+-------+-------+-------+-------+-------++-------
Melee: Hand axe          |    82 |   268 |   280 |       |       |       ||   630
       Headbutt          |    12 |    58 |    84 |    96 |   127 |   137 ||   514
       War axe           |       |       |    79 |   426 |   326 |       ||   831
       Battleaxe         |       |       |       |       |   202 |   498 ||   700
 Fire: Shortbow          |       |       |    60 |   429 |   355 |       ||   844
       Longbow           |       |       |       |       |   872 |   995 ||  1867
Invok: Berserk           |     1 |     3 |     7 |     5 |     5 |     5 ||    26
       Burn Spellbooks   |       |       |     1 |     2 |     2 |     2 ||     7
       Trog's Hand       |       |       |       |       |     1 |     4 ||     5
       Brothers in Arms  |       |       |       |       |     1 |     2 ||     3
Evoke: Wand              |       |       |       |     1 |       |       ||     1
  Use: Scroll            |     7 |       |     9 |     5 |    15 |    15 ||    51
       Potion            |       |       |       |     1 |     3 |     8 ||    12
 Stab: Distracted        |       |       |       |       |     1 |       ||     1
  Eat: Chunk             |     2 |     9 |    25 |    28 |    43 |    37 ||   144
       Beef jerky        |       |     1 |       |       |     2 |       ||     3
       Fruit             |       |       |     1 |       |       |       ||     1
       Pizza             |       |       |       |     2 |       |       ||     2
Armor: Animal skin       |     8 |       |       |       |       |       ||     8
       Leather armour    |     1 |    19 |       |       |       |       ||    20
       Chain mail        |       |    29 |   184 |   218 |   195 |   288 ||   914
Dodge: Dodged            |    52 |   137 |   204 |   301 |   456 |   609 ||  1759
